 Dungeon Crawl Stone Soup version 0.28.0-45-g0d030f2227 (webtiles) character file.

Game seed: 494279009858363563

35 bobregger the Ducker (level 3, 28/28 HPs)
             Began as a Demonspawn Gladiator on Apr 21, 2022.
             Was an Initiate of Ashenzari.
             Got out of the dungeon alive.
             The game lasted 00:02:32 (830 turns).

bobregger the Ducker (Demonspawn Gladiator)          Turns: 830, Time: 00:02:32

Health: 28/28      AC: 13    Str: 16    XL:     3   Next: 17%
Magic:  3/3        EV:  5    Int:  9    God:    Ashenzari [......]
Gold:   26         SH:  0    Dex: 14    Spells: 2/2 levels left

rFire   . . .      SeeInvis .   (no weapon)
rCold   . . .      Faith    .   (no shield)
rNeg    . . .      Spirit   .   f - +0 plate armour
rPois   .          Reflect  .   c - +0 helmet
rElec   .          Harm     .   (no cloak)
rCorr   .          Rampage  .   (no gloves)
Will    .....                   (no boots)
Stlth   ..........              (no amulet)
HPRegen 0.09/turn               (no ring)
MPRegen 0.08/turn               (no ring)

@: no status effects
A: slimy green scales 1, powered by death 1
a: Renounce Religion


You escaped.
You worshipped Ashenzari.
Ashenzari was noncommittal.
You visited 1 branch of the dungeon, and saw 1 of its levels.

You collected 26 gold pieces.

Inventory:

Missiles
 d - 3 throwing nets (quivered)
Armour
 c - a +0 helmet (worn)
 f - a +0 plate armour (worn)
Scrolls
 b - a scroll of teleportation
 e - 2 scrolls of identify
 g - a scroll of enchant weapon


   Skills:
 + Level 2.4 Fighting
 + Level 3.0 Staves
 - Level 1.7 Throwing
 * Level 1.1 Armour
 + Level 3.1 Dodging


You had 2 spell levels left.
You didn't know any spells.
Your spell library was empty.

Dungeon Overview and Level Annotations

Branches:
Dungeon (1/15)

Altars:
Ashenzari

Portals:
Abyss: D:1***


Innate Abilities, Weirdness & Mutations

You are partially covered in slimy green scales. (AC +2)
You regenerate a little health from kills.


Message History

No target in view!
Found a robe.
You see here a bat corpse.
You sock the fungus!
The fungus begins to die.
The fungus is lightly damaged.
A nearby fungus withers and dies.
Things that are here:
a +0 robe; a human skeleton
There is a faded altar of an unknown god here.
You cannot tell which god this altar belongs to.
Convert to them anyway? [Y]es or [N]o only, please.
You cannot tell which god this altar belongs to.
Convert to them anyway?
Ashenzari accepts your prayer! Ashenzari welcomes you!
Ashenzari warns you of distant threats and treasures.
Ashenzari reveals the structure of the dungeon to you.
Ashenzari shows you where magical portals lie.
Okay, then.
Things that are here:
a +0 robe; a human skeleton You see here a bat corpse.
Ashenzari invites you to partake of a vision and a curse of ranged combat and elements.
Okay, then.
Unknown command.
Your +0 quarterstaff glows black for a moment.
Ashenzari will now protect you from malevolent surprises.
Ashenzari will now identify your possessions.
b - a scroll of teleportation;
e - 2 scrolls of identify
g - a scroll of enchant weapon Unknown command.
You aren't carrying any weapons that can be enchanted.
Okay, then.
Really remove and destroy the cursed +0 quarterstaff of the Fated Inaction {Range, Elem}?
You shatter the curse binding the cursed +0 quarterstaff of the Fated Inaction {Range, Elem}!
Ashenzari no longer protects you from malevolent surprises.
Ashenzari will no longer identify your possesions.
Unknown command.
You open the door.
There is an open door here.
There is a staircase leading out of the dungeon here.
Are you sure you want to leave the Dungeon?
This will make you lose the game!
You have escaped!

..............>..................
#...##.#.#####.....#####.........
#...†..#.#...#.....#...#.........
....##.#.#.∩.#.....#.∩.#.........
...###.#.#...#.....#...#...#####.
)..###.#.#####.....#####...#####.
...............................#†
#..........................#.###†
................@................
##.##..#..................##..#..
##.##..#..................##..#.#
...##..#.#####.....#####..##..#..
.####....#...#.....#...#.........
.####..#.#.∩.#.....#.∩.#.###..#.#
#........#...#.....#...#.###..#.#
#.###..#.#####.....#####.........
...............>..............###


There were no monsters in sight!

Vanquished Creatures
  A dart slug (D:1)
  A ball python (D:1)
  2 endoplasms (D:1)
  A giant cockroach (D:1)
  5 goblins (D:1)
  5 hobgoblins (D:1)
  3 jackals (D:1)
  A kobold (D:1)
  3 bats (D:1)
  2 frilled lizards (D:1)
  4 rats (D:1)
28 creatures vanquished.

Vanquished Creatures (others)
  A fungus (D:1)
1 creature vanquished.

Grand Total: 29 creatures vanquished

Notes
Turn   | Place    | Note
-------+----------+-------------------------------------------
     0 | D:1      | bobregger the Demonspawn Gladiator began the quest for the
                  | Orb.
     0 | D:1      | Reached XP level 1. HP: 16/16 MP: 1/1
   197 | D:1      | Gained mutation: You regenerate a little health from kills.
                  | [demonic ancestry]
   197 | D:1      | Reached XP level 2. HP: 22/22 MP: 2/2
   341 | D:1      | Reached skill level 1 in Armour
   511 | D:1      | Gained mutation: You are partially covered in slimy green
                  | scales. (AC +2) [demonic ancestry]
   511 | D:1      | Reached XP level 3. HP: 27/28 MP: 3/3
   737 | D:1      | Found a faded altar of an unknown god.
   747 | D:1      | Prayed at the altar of an unknown god.
   747 | D:1      | Became a worshipper of Ashenzari the Shackled
   755 | D:1      | Reached * piety under Ashenzari
   830 | D:$      | Got out of the dungeon alive.

Illustrated notes

Levels and vault maps discovered:
D:1:      minmay_arrival_glassed_features, layout_basic,
          dreamdust_ecumenical_altar_hidden_monk_grotto

Skill      XL: |  1  2 |
---------------+-------+-----
Dodging        | 3 |  3.1
Armour         | 1 |  1.1
Staves         | 3 |  3.0
Fighting       | |  2.4
Throwing       | |  1.7

Action                   || total
-------------------------++-------
Melee: Quarterstaff      ||    77
Invok: Curse Item        ||     1
       Shatter the Chain ||     1
Armor: Plate armour      ||    72
       Leather armour    ||     1
Dodge: Dodged            ||    24
